 Dungeon Crawl Stone Soup version 0.22-a0-580-gd5db89c (webtiles) character file.

23 sking99 the Skirmisher (level 2, -3/27 HPs)
             Began as a Minotaur Fighter on July 3, 2018.
             Was an Initiate of Ru.
             Slain by a sky beast (5 damage)
             ... on level 3 of the Dungeon.
             The game lasted 00:01:22 (1367 turns).

sking99 the Skirmisher (Minotaur Fighter)           Turns: 1367, Time: 00:01:23

Health: -3/27      AC:  6    Str: 20    XL:     2   Next: 72%
Magic:  1/1        EV:  7    Int:  5    God:    Ru [......]
Gold:   55         SH:  9    Dex:  9    Spells: 1/1 levels left

rFire    . . .     SeeInvis .   a - +0 flail
rCold    . . .     Gourm    .   c - +0 shield
rNeg     . . .     Faith    .   b - +0 scale mail
rPois    .         Spirit   .   (helmet restricted)
rElec    .         Reflect  .   (no cloak)
rCorr    .         Harm     .   (no gloves)
MR       .....                  (no boots)
Stlth    ..........             (no amulet)
HPRegen  0.09/turn              (no ring)
MPRegen  0.07/turn              (no ring)

@: lethally poisoned (-3 -> -11)
A: retaliatory headbutt, horns 2
a: Renounce Religion


You were on level 3 of the Dungeon.
You worshipped Ru.
Ru was noncommittal.
You were very hungry.

You visited 1 branch of the dungeon, and saw 3 of its levels.

You collected 55 gold pieces.

Inventory:

Hand Weapons
 a - a +0 flail (weapon)
Armour
 b - a +0 scale mail (worn)
 c - a +0 shield (worn)
Jewellery
 n - an uncursed ring of flight {unknown}
 o - an uncursed amulet of faith {unknown}
Scrolls
 e - 5 scrolls of remove curse {unknown}
 g - 2 scrolls of fear {unknown}
 i - 4 scrolls of identify {unknown}
 l - a scroll of blinking {unknown}
 m - 2 scrolls of noise {unknown}
 q - a scroll of enchant armour {unknown}
 r - a scroll of magic mapping {unknown}
Potions
 d - a potion of might
 h - 3 potions of curing {unknown}
 j - a potion of degeneration {unknown}
 k - a potion of mutation {unknown}
 p - a potion of heal wounds {unknown}
Comestibles
 f - 4 rations


   Skills:
 + Level 4.1 Fighting
 * Level 3.6 Maces & Flails
 - Level 3.6 Armour
 - Level 3.6 Shields


You had one spell level left.
You didn't know any spells.
Your spell library was empty.

Dungeon Overview and Level Annotations

Branches:
Dungeon (3/15)

Altars:
Elyvilon
Qazlal
Ru
Vehumet


Innate Abilities, Weirdness & Mutations

You reflexively headbutt those who attack you in melee.
You have a pair of horns on your head.


Message History

The sky beast closely misses you.
You closely miss the sky beast. Your headbutt misses the sky beast.
The sky beast is lightly wounded.
You feel sick.
The sky beast flickers out of sight!
Deactivating autopickup; reactivate with Ctrl-A.
You block something's attack.
You miss something. Your headbutt misses something.
You feel sick. Something hits you. Something shocks you.
* * * LOW HITPOINT WARNING * * *
Your shield and scale mail prevent you from hitting something.
Your headbutt misses something.
* * * LOW HITPOINT WARNING * * *
You feel sick. Something hits you but does no damage.
You block something's attack.
You miss something.
* * * LOW HITPOINT WARNING * * *
You feel sick. Something hits you.
* * * LOW HITPOINT WARNING * * *
Something shocks you.
You die...

## (# .# .# .
.#
....#######.#
.....K{@...(#
###.######(.#
#..# #..#
#..# #..#
#..# #..#
###..#


You could see a kobold.

Vanquished Creatures
  A dart slug (D:3)
  2 bats (D:1)
  4 giant cockroaches (D:1)
  A goblin (D:1)
  7 kobolds
  A frilled lizard (D:1)
  5 rats
21 creatures vanquished.

Notes
Turn   | Place    | Note
-------+----------+-------------------------------------------
     0 | D:1      | sking99 the Minotaur Fighter began the quest for the Orb.
     0 | D:1      | Reached XP level 1. HP: 19/19 MP: 0/0
   133 | D:1      | Reached XP level 2. HP: 27/27 MP: 1/1
   764 | D:2      | Reached skill level 4 in Fighting
   779 | D:2      | Found a sacrificial altar of Ru.
   788 | D:2      | Became a worshipper of Ru the Awakened
   945 | D:2      | Found a white marble altar of Elyvilon.
   948 | D:2      | Found a stormy altar of Qazlal.
   958 | D:2      | Found a radiant altar of Vehumet.
  1352 | D:3      | Noticed a sky beast
  1367 | D:3      | Slain by a sky beast

Vault maps used:
D:1:      co_arrival_square_in_a_square_in_a_square,
          hangedman_abyss_or_decor_lesser_grid, minmay_misc_feat_cross
D:2:      lemuel_coloured_pillars_altar, grunt_temple_overflow_open
D:3:      uniq_robin

Skill      XL: |  1  2 |
---------------+-------+-----
Maces & Flails | 3 |  3.6
Fighting       | 4 |  4.1
Armour         | |  3.6
Shields        | |  3.6

Action                   || total
-------------------------++-------
Melee: Flail             ||    57
       Headbutt          ||     4
Armor: Scale mail        ||    23
Dodge: Dodged            ||    16
Block: Shield            ||    35

Table legend:
 A = Spawn XP
 B = Non-spawn XP
 C = Spawn XP percentage of total XP
 D = Spawn monster count
 E = Non-spawn monster count
 F = Spawn count percentage of total count
 G = Total turns spent on level
                    A         B        C        D         E        F      G
               +---------+---------+-------+---------+---------+-------+---------
         Total |       0 |      33 |   0.0 |       0 |      21 |   0.0 |  1367
               +---------+---------+-------+---------+---------+-------+---------
           D:1 |       0 |      21 |   0.0 |       0 |      13 |   0.0 |   673
           D:2 |       0 |       7 |   0.0 |       0 |       6 |   0.0 |   634
           D:3 |       0 |       5 |   0.0 |       0 |       2 |   0.0 |    60
               +---------+---------+-------+---------+---------+-------+---------
